AoeStats
← 476114897

Arena

510106757Analyzed
1v1 RM · 1d ago on Sep 29, 2026· 62m 41s· 2 players
Game mode
Random Map
Map size
Tiny (2 player)
Population
200
Speed
Normal
Resources
Standard
Victory
Conquest
Starting age
Dark Age
Ending age
Imperial Age
RankedLock teamsTeams togetherTeam positionsShared explorationLock speedFull tech treeHidden civsTurbo modeCheats
Victory
Defeat
🇨🇳 Malay · China
1343
+15
🇦🇷 Saracens · Argentina
1311
-15
NoCry
8:55 Feudal Age
9:58 Loom
12:59 Castle Age
28:50 Devotion
37:12 Bloodlines
36:23 Light Cavalry
37:31 Husbandry
39:55 Scale Barding Armor
40:01 Forging
48:10 Chain Barding Armor
48:17 Double-Bit Axe
56:02 Fletching
56:13 Padded Archer Armor
56:25 Thumb Ring
56:47 Bow Saw
57:41 Ballistics
57:00 Crossbowman
58:05 Bodkin Arrow
58:21 Gold Mining
59:45 Wheelbarrow
62:34 Imperial Age
60:48 Horse Collar
61:50 Gold Shaft Mining
61:40 Leather Archer Armor
476114897
10:36 Feudal Age
12:07 Loom
15:06 Castle Age
13:11 Double-Bit Axe
13:48 Horse Collar
22:21 Gold Mining
30:37 Imperial Age
28:11 Fletching
28:13 Crossbowman
37:12 Bodkin Arrow
45:13 Forging
50:56 Iron Casting
50:46 Bracer
52:15 Iron Casting
51:01 Man-at-Arms
51:42 Squires
52:45 Wheelbarrow
51:55 Town Watch
53:05 Forced Levy
52:28 Long Swordsman
54:22 Two-Handed Swordsman
56:07 Blast Furnace
60:20 Padded Archer Armor
60:15 Arbalester
61:01 Thumb Ring
62:24 Ballistics
63:06 Chemistry
62:35 Masonry
Connection lost

Rejoining the realm…

Still unreachable

The connection could not be restored.

Session expired

The server has moved on; the page needs a fresh start.